 Dungeon Crawl Stone Soup version 0.17-a0-2127-g1cb09f6 (webtiles) character file.

1827 septik the Cleaver (level 8, -2/75 HPs)
             Began as a Minotaur Berserker on Oct 21, 2015.
             Was an Elder of Trog.
             Slain by an orc warrior
             ... wielding a +0 halberd
              (24 damage)
             ... on level 6 of the Dungeon on Oct 22, 2015.
             The game lasted 00:23:35 (6279 turns).

septik the Cleaver (Minotaur Berserker)             Turns: 6279, Time: 00:23:35

Health: -2/75      AC: 11    Str: 23    XL:     8   Next: 86%
Magic:  7/7        EV:  8    Int:  4    God:    Trog [****..]
Gold:   387        SH:  4    Dex: 11    Spells: 0 memorised, 7 levels left

rFire  . . .     SeeInvis .     a - +0 hand axe
rCold  . . .     Clarity  +     C - +0 chain mail
rNeg   . . .     SustAt   .     w - +0 buckler
rPois  .         Gourm    .     E - +2 hat
rElec  .         Spirit   .     (no cloak)
rCorr  .         Warding  .     y - +0 pair of gloves
rMut   .         Stasis   .     (no boots)
MR     .....                    c - amulet of clarity
Stlth  ..........               (no ring)
                                (no ring)

@: not resistant to hostile enchantments, extremely unstealthy
A: retaliatory headbutt, horns 2
a: Berserk, Trog's Hand, Brothers in Arms, Burn Spellbooks, Renounce Religion


You were on level 6 of the Dungeon.
You worshipped Trog.
Trog was greatly pleased with you.
You were near starving.

You visited 1 branch of the dungeon, and saw 6 of its levels.
You also visited: Sewer.

You collected 387 gold pieces.

Inventory:

Hand Weapons
 a - a +0 hand axe (weapon)
 b - a +1 whip of venom
 h - a +0 whip
 o - a +0 flail
 q - a +3 mace of crushing
 B - the +6 flail "Weclel" {speed, rF+ MR++ Int-5 SInv, unknown}
   (You found it on level 6 of the Dungeon)

   Attacks with this weapon are significantly faster.
   It affects your intelligence (-5).
   It protects you from fire.
   It affects your resistance to hostile enchantments.
   It lets you see invisible.
Missiles
 p - 5 tomahawks (quivered)
 x - 6 poisoned tomahawks
Armour
 w - a +0 buckler (worn)
 y - a +0 pair of gloves (worn)
 C - a +0 chain mail (worn)
 E - a +2 hat (worn)
Jewellery
 c - an amulet of clarity (around neck)
Scrolls
 f - 2 scrolls of remove curse
 r - a scroll of random uselessness {unknown}
 t - 4 scrolls of identify
 v - a scroll of fear
 F - a scroll of teleportation
Potions
 d - 3 potions of curing
 e - 4 potions of flight
 g - a potion of cancellation {unknown}
 i - 4 potions of invisibility {unknown}
 k - 3 potions of might {unknown}
 n - a potion of brilliance {unknown}
 u - a potion of beneficial mutation {unknown}
 z - a potion of mutation {unknown}
 A - 4 potions of heal wounds {unknown}
 D - 2 potions of poison {unknown}
Comestibles
 j - 3 beef jerkies
 m - 3 meat rations
 s - a slice of pizza
 G - 2 bread rations


   Skills:
 + Level 8.3 Fighting
 * Level 11.1 Axes
 - Level 2.4 Armour
 - Level 2.1 Dodging
 - Level 4.0 Shields


You had 7 spell levels left.
You didn't know any spells.

Dungeon Overview and Level Annotations

Branches:
Dungeon (6/15)             Temple (0/1) D:4

Altars:
Gozag
Kikubaaqudgha
Makhleb
Ru
Sif Muna
Trog
Zin

Shops:
D:4 (


Innate Abilities, Weirdness & Mutations

You reflexively headbutt those who attack you in melee.
You have a pair of horns on your head.


Message History

Things that are here:
a mace; an orc corpse You hit the orc warrior but do no damage.
The orc warrior is lightly wounded.
The orc warrior hits you with a halberd!
* * * LOW HITPOINT WARNING * * *
You hit the orc warrior.
The orc warrior is moderately wounded.
You slash the orc warrior!
The orc warrior is severely wounded.
The orc warrior completely misses you.
You hit the orc warrior but do no damage.
The orc warrior is severely wounded.
You block the orc warrior's attack.
You barely miss the orc warrior. Your headbutt misses the orc warrior.
The orc warrior is severely wounded.
You completely miss the orc warrior.
The orc warrior is severely wounded.
The orc warrior hits you with a halberd!!
You die...

+.............+...##..........###
###'###.###'###.#.##..........# #
#.# #.# #.# #.#.##..........# #
#.###.###.# #.#.##..........## #
#...'.'...# #.#.#####+#####..# #
#####.##### #.#.# #.......># #
#.# #.#.# ########## #
#+#######.#.# ... .......o@)# .##
..........# ## ########.## # #.#
# #.# # #.# ..# ###


You could see an orc warrior.

Vanquished Creatures
  The ghost of Uberwunderbarhen the Firebug, a novice DEFE (D:6)
  A water moccasin (D:6)
  An orc warrior (D:6)
  2 phantoms
  An ogre (D:4)
  A centaur (D:5)
  A big kobold (Sewer)
  A giant frog (D:6)
  3 orc wizards
  A centaur zombie (D:6)
  A giant frog skeleton (D:4)
  5 orc priests
  3 hounds
  Terence (D:2)
  2 iguanas
  2 worker ants (D:4)
  A hound skeleton (D:5)
  Robin (D:4)
  15 adders
  4 gnolls (D:4)
  A shadow imp (D:5)
  4 oozes
  An adder zombie (D:5)
  2 worms (D:2)
  3 giant geckos (D:3)
  18 orcs
  7 bats
  10 giant cockroaches
  15 goblins
  12 hobgoblins
  A ball python (D:2)
  9 giant newts
  9 jackals
  10 kobolds
  11 rats
161 creatures vanquished.

Notes
Turn   | Place    | Note
--------------------------------------------------------------
     0 | D:1      | septik the Minotaur Berserker began the quest for the Orb.
     0 | D:1      | Reached XP level 1. HP: 19/19 MP: 0/0
   205 | D:1      | Reached skill level 4 in Axes
   209 | D:1      | Reached XP level 2. HP: 18/27 MP: 1/1
   747 | D:1      | Reached XP level 3. HP: 33/33 MP: 2/2
  1083 | D:1      | Upgraded the game from 0.17-a0-2122-g03d97ec to 0.17-a0-2127-g1cb09f6
  1104 | D:2      | Reached ** piety under Trog
  1252 | D:2      | Reached skill level 5 in Axes
  1375 | D:2      | Reached XP level 4. HP: 34/41 MP: 3/3
  1401 | D:2      | Noticed Terence
  1415 | D:2      | Killed Terence
  1879 | D:2      | Found an ancient bone altar of Kikubaaqudgha.
  1889 | D:2      | Reached skill level 5 in Fighting
  2008 | D:2      | Found a bloodstained altar of Trog.
  2011 | D:2      | Found a sacrificial altar of Ru.
  2016 | D:2      | Found a deep blue altar of Sif Muna.
  2231 | D:3      | Found an opulent altar of Gozag.
  2232 | D:3      | Found a glowing silver altar of Zin.
  2319 | D:3      | Reached XP level 5. HP: 45/48 MP: 4/4
  2378 | D:3      | Reached skill level 6 in Axes
  2683 | D:3      | Reached skill level 1 in Shields
  2699 | D:3      | Reached *** piety under Trog
  3123 | D:4      | Reached XP level 6. HP: 56/56 MP: 5/5
  3153 | D:4      | Found a staircase to the Ecumenical Temple.
  3162 | D:4      | Noticed an ogre
  3185 | D:4      | Killed an ogre
  3185 | D:4      | Reached skill level 7 in Axes
  3553 | D:4      | Noticed Robin
  3578 | D:4      | Killed Robin
  3581 | D:4      | Reached **** piety under Trog
  4067 | D:4      | Reached XP level 7. HP: 51/63 MP: 6/6
  4077 | D:4      | Found Ytuemei's Antique Weapon Shoppe.
  4710 | D:5      | Entered Level 5 of the Dungeon
  4717 | D:5      | Reached skill level 8 in Axes
  5364 | D:6      | Found a glowing drain.
  5385 | Sewer    | Entered a sewer
  5469 | Sewer    | Reached skill level 9 in Axes
  5469 | Sewer    | Reached XP level 8. HP: 69/71 MP: 7/7
  5497 | Sewer    | Found a white marble altar of Elyvilon.
  5653 | D:6      | HP: 4/109 [orc warrior/long sword (6)]
  5683 | D:6      | Noticed Uberwunderbarhen's ghost (novice DEFE)
  6001 | D:6      | Reached skill level 10 in Axes
  6011 | D:6      | Received a gift from Trog
  6030 | D:6      | Found a burning altar of Makhleb.
  6057 | D:6      | Killed Uberwunderbarhen's ghost
  6131 | D:6      | Reached skill level 11 in Axes
  6142 | D:6      | Got a shimmering flail
  6279 | D:6      | Slain by an orc warrior

Vault maps used:
D:1:      dpeg_arrival_castle
D:2:      grunt_temple_overflow_diamond, kiku_gazebo_garden_becter,
          nicolae_underground_beach, uniq_terence
D:3:      grunt_temple_overflow_gold_and_silver
D:4:      minmay_temple_entry_statues, serial_shops, shop,
          corexii_hall_statues_x, uniq_robin
D:5:      first_bread
D:6:      lemuel_doored_altar, portal_sewer_entry_d, minmay_door_square,
          trog_hazing_becter
Sewer:    sewer_kobolds

Action                   |  1- 3 |  4- 6 |  7- 9 || total
-------------------------+-------+-------+-------++-------
Melee: Hand axe          |    10 |    84 |   201 ||   295
       Whip              |    69 |    12 |       ||    81
       Mace              |       |    79 |       ||    79
       Flail             |       |    15 |       ||    15
Invok: Berserk           |       |     2 |     2 ||     4
  Use: Scroll            |       |       |    12 ||    12
       Potion            |       |       |     1 ||     1
  Eat: Chunk             |     1 |    10 |     4 ||    15
       Bread ration      |       |       |     1 ||     1
